 Dungeon Crawl Stone Soup version 0.24-a0-290-gbb66a67 (webtiles) character file.

Game seed: 7981439398254384439

49 Mgcat the Skirmisher (level 3, -6/29 HPs)
             Began as a Mummy Monk on May 8, 2019.
             Mangled by a worker ant (8 damage)
             ... on level 5 of the Dungeon.
             The game lasted 00:06:03 (2522 turns).

Mgcat the Skirmisher (Mummy Monk)                   Turns: 2522, Time: 00:06:04

Health: -6/29      AC:  0    Str: 14    XL:     3   Next: 53%
Magic:  3/3        EV: 13    Int:  9    God:
Gold:   84         SH:  0    Dex: 15    Spells: 2/2 levels left

rFire    x . .     SeeInvis .     - Unarmed
rCold    + . .     Gourm    .   (no shield)
rNeg     + + +     Faith    .   (no armour)
rPois    ∞         Spirit   .   (no helmet)
rElec    .         Reflect  .   (no cloak)
rCorr    .         Harm     .   (no gloves)
MR       .....                  (no boots)
Stlth    ++........             (no amulet)
HPRegen  0.09/turn              (no ring)
MPRegen  0.08/turn              (no ring)

@: no status effects
A: no food or potions, fire vulnerability, cold resistance 1, negative energy
resistance 3, torment resistance, unbreathing
a: no special abilities


You were on level 5 of the Dungeon.
You were not hungry.

You visited 1 branch of the dungeon, and saw 4 of its levels.

You collected 84 gold pieces.

Inventory:

Scrolls
 a - a scroll of fog {unknown}
 b - 4 scrolls of remove curse
 c - a scroll of teleportation
 d - a scroll of identify {unknown}
 e - a scroll of fear {unknown}
 f - a scroll of noise {unknown}


   Skills:
 + Level 3.5 Fighting
 - Level 2.4 Dodging
 + Level 2.3 Stealth
 + Level 3.0 Unarmed Combat


You had 2 spell levels left.
You didn't know any spells.
Your spell library was empty.

Dungeon Overview and Level Annotations

Branches:
Dungeon (5/15)
 Temple: D:4-7

Altars:
Qazlal


Innate Abilities, Weirdness & Mutations

You do not eat or drink.
Your flesh is vulnerable to fire.
You are immune to poison.
Your flesh is cold resistant. (rC+)
You are immune to negative energy. (rN+++)
You are immune to unholy pain and torment.
You can survive without breathing.


Message History

There is a stone staircase leading up here.
Unknown command.
Unknown command.
Unknown command.
The leopard gecko zombie barely misses you.
The leopard gecko zombie bites you.
You climb upwards.
There is a stone staircase leading down here.
You take 1 damage, and have 28/29 hp.
You climb downwards.
You hear the hiss of flowing sand.
There is an entrance to an ossuary on this level.
Hurry and find it before the portal is buried!
The leopard gecko zombie barely misses you.
There is a stone staircase leading up here.
Unknown command.
Unknown command.
You hit the leopard gecko zombie.
The leopard gecko zombie is moderately damaged.
The leopard gecko zombie completely misses you.
Health restored: 29 You hit the leopard gecko zombie.
The leopard gecko zombie is almost destroyed.
The leopard gecko zombie barely misses you.
You completely miss the leopard gecko zombie.
The leopard gecko zombie is almost destroyed.
The leopard gecko zombie closely misses you.
You hit the leopard gecko zombie.
You destroy the leopard gecko zombie!
A giant cockroach zombie comes into view.
You see here a scroll of remove curse.
b - 4 scrolls of remove curse (gained 1)
There is a stone staircase leading up here.
You hit the giant cockroach zombie.
The giant cockroach zombie is severely damaged.
The giant cockroach zombie closely misses you.
You hit the giant cockroach zombie.
The giant cockroach zombie is almost destroyed.
The giant cockroach zombie barely misses you.
You completely miss the giant cockroach zombie.
The giant cockroach zombie is almost destroyed.
The giant cockroach zombie bites you.
You take 1 damage, and have 28/29 hp.
You barely miss the giant cockroach zombie.
The giant cockroach zombie is almost destroyed.
The giant cockroach zombie barely misses you.
You barely miss the giant cockroach zombie.
The giant cockroach zombie is almost destroyed.
The giant cockroach zombie closely misses you.
Health restored: 29 You hit the giant cockroach zombie.
You destroy the giant cockroach zombie!
You hear the slow hiss of a distant avalanche of sand.
You see here a ration.
A worker ant comes into view.
The helpless worker ant fails to defend itself.
You hit the worker ant.
The worker ant is moderately wounded.
The worker ant closely misses you. The worker ant bites you.
You take 6 damage, and have 23/29 hp.
MASSIVE DAMAGE!!
You closely miss the worker ant.
The worker ant is moderately wounded.
The worker ant misses you.
You hit the worker ant.
The worker ant is heavily wounded.
The worker ant bites you!
You take 8 damage, and have 15/29 hp.
MASSIVE DAMAGE!!
You barely miss the worker ant.
The worker ant is heavily wounded.
The worker ant bites you.
You take 4 damage, and have 11/29 hp.
You hit the worker ant but do no damage.
The worker ant is heavily wounded.
The worker ant barely misses you.
You barely miss the worker ant.
The worker ant is heavily wounded.
The worker ant misses you. The worker ant bites you.
* * * LOW HITPOINT WARNING * * *
You take 6 damage, and have 5/29 hp.
MASSIVE DAMAGE!!
You closely miss the worker ant.
The worker ant is heavily wounded.
The worker ant barely misses you.
You see here a ration.
You closely miss the worker ant. Your punch misses the worker ant.
The worker ant is heavily wounded.
The worker ant bites you.
* * * LOW HITPOINT WARNING * * *
You take 4 damage, and have 2/29 hp.
You punch the worker ant!
The worker ant is almost dead.
The worker ant completely misses you.
You hit the worker ant but do no damage.
The worker ant is almost dead.
The worker ant barely misses you. x2
You closely miss the worker ant.
The worker ant is almost dead.
The worker ant closely misses you.
You closely miss the worker ant.
The worker ant is almost dead.
The worker ant bites you!
You die...

#.........<.......#..
#..................##.
##....................
#....................
#..#########.........
#.# ..##........ ##
#.###....#...
##.##.....##
#.##@##..##
#...#.a.##.##
#########... .### . ..


You could see a worker ant.

Vanquished Creatures
  2 worms
  2 dart slugs
  A leopard gecko (D:1)
  2 giant cockroaches
  7 hobgoblins
  2 jackals (D:1)
  A quokka (D:2)
  2 ball pythons
  6 bats (D:1)
  4 frilled lizards
  A giant cockroach zombie (D:5)
  A goblin (D:1)
  3 kobolds
  A leopard gecko zombie (D:5)
  7 rats
42 creatures vanquished.

Notes
Turn   | Place    | Note
-------+----------+-------------------------------------------
     0 | D:1      | Mgcat the Mummy Monk began the quest for the Orb.
     0 | D:1      | Reached XP level 1. HP: 18/18 MP: 1/1
   342 | D:1      | Reached XP level 2. HP: 21/24 MP: 2/2
   564 | D:1      | Reached skill level 2 in Stealth
  1151 | D:1      | Reached XP level 3. HP: 29/29 MP: 3/3
  1599 | D:2      | HP: 7/29 [worm (3)]
  1606 | D:2      | HP: 7/29 [bat (1)]
  1616 | D:2      | HP: 7/29 [bat (1)]
  1627 | D:2      | HP: 6/29 [bat (1)]
  2150 | D:2      | Reached skill level 3 in Unarmed Combat
  2417 | D:2      | You fall through a shaft for 2 floors!
  2441 | D:4      | Found a stormy altar of Qazlal.
  2451 | D:5      | Entered Level 5 of the Dungeon
  2514 | D:5      | HP: 5/29 [worker ant (6)]
  2518 | D:5      | HP: 2/29 [worker ant (4)]
  2522 | D:5      | Mangled by a worker ant

Levels and vault maps discovered:
D:1:      sevenhm_arrival_forest_fort_small_3, layout_rooms, nrook_campfire
D:2:      layout_rooms
D:4:      lemuel_upstairs_altar, layout_loops_cross,
          nicolae_qazlal_style_of_elements, lightli_temple_of_fire, first_ration
D:5:      layout_layer_cave, lemuel_crystal_altar, marbit_many_paths,
          zin_purify, elyvilon_altar_1, minmay_temple_entry_junction,
          nicolae_ossuary_entry_false_entrances, serial_shops, shop_scrolls,
          basic_altar

Skill      XL: |  1  2  3 |
---------------+----------+-----
Stealth        | 2 |  2.3
Unarmed Combat | 3 |  3.0
Fighting       | |  3.5
Dodging        | |  2.4

Action                   || total
-------------------------++-------
Melee: Unarmed           ||   183
       Punch             ||     3
  Use: Scroll            ||     2
 Stab: Sleeping          ||     2
Armor: Robe              ||    29
Dodge: Dodged            ||   120

Table legend:
 A = Non-vault XP
 B = Vault XP
 C = Vault XP percentage of total XP
 D = Non-vault monster count
 E = Vault monster count
 F = Vault count percentage of total count
                 A         B        C        D         E       F
            +---------+---------+-------+---------+---------+-------
      Total |      71 |       0 |   0.0 |      42 |       0 |   0.0
            +---------+---------+-------+---------+---------+-------
        D:1 |      47 |       0 |   0.0 |      29 |       0 |   0.0
        D:2 |      22 |       0 |   0.0 |      11 |       0 |   0.0
        D:5 |       2 |       0 |   0.0 |       2 |       0 |   0.0
            +---------+---------+-------+---------+---------+-------

Levels and vault maps discovered:
D:1:      sevenhm_arrival_forest_fort_small_3, layout_rooms, nrook_campfire
D:2:      layout_rooms
D:4:      lemuel_upstairs_altar, layout_loops_cross,
          nicolae_qazlal_style_of_elements, lightli_temple_of_fire, first_ration
D:5:      layout_layer_cave, lemuel_crystal_altar, marbit_many_paths,
          zin_purify, elyvilon_altar_1, minmay_temple_entry_junction,
          nicolae_ossuary_entry_false_entrances, serial_shops, shop_scrolls,
          basic_altar

Table legend:
 A = Turns spent in this place as a percentage of turns spent in the entire game.
 B = Non-inter-level travel turns spent in this place as a percentage of non-inter-level travel turns spent in the entire game.
 C = Inter-level travel turns spent in this place as a percentage of turns spent in this place.
 D = Turns resting spent in this place as a percentage of non-inter-level travel turns spent in this place.
 E = Turns spent auto-exploring this place as a percentage of non-inter-level travel turns spent in this place.
 F = Non-inter-level travel turns spent in this place divided by the number of levels of this place that you've seen.
                   A       B       C       D       E      F
               +-------+-------+-------+-------+-------+----------------------
         Total | 100.0 | 100.0 |   1.6 |  26.8 |  52.3 | 620.2
       Dungeon | 100.0 | 100.0 |   1.6 |  26.8 |  52.3 | 620.2
               +-------+-------+-------+-------+-------+----------------------

Table legend:
 A = Kills in this place as a percentage of kills in entire the game.
 B = Kills by you in this place as a percentage of kills by you in the entire game.
 C = Kills by friends in this place as a percentage of kills by friends in the entire game.
 D = Other kills in this place as a percentage of other kills in the entire game.
 E = Experience gained in this place as a percentage of experience gained in the entire game.
 F = Experience gained in this place divided by the number of levels of this place that you have seen.
                   A       B       C       D       E      F
               +-------+-------+-------+-------+-------+----------------------
         Total | 100.0 | 100.0 |   N/A |   N/A | 100.0 |  17.8
       Dungeon | 100.0 | 100.0 |   N/A |   N/A | 100.0 |  17.8
               +-------+-------+-------+-------+-------+----------------------
